[Event "Australian-ch 2020"]
[Site "Kogarah"]
[Date "2020.01.02"]
[Round "1.1"]
[White "Kuybokarov, Temur"]
[Black "Hu, Jason"]
[Result "1-0"]
[ECO "B12"]
[WhiteElo "2523"]
[BlackElo "2159"]
[Annotator "RC"]
[PlyCount "49"]
[EventDate "2020.01.02"]
[EventType "swiss"]
[EventCountry "AUS"]
[SourceTitle "playchess.com"]
[Source "ChessBase"]
[SourceQuality "1"]
[TimeControl "40/5400+30:1800+30"]

1. e4 c6 2. d4 d5 3. e5 Bf5 4. Nf3 e6 5. Be2 c5 6. Be3 cxd4 7. Nxd4 Ne7 8. O-O Nbc6 9. Bb5 a6 10. Bxc6+ bxc6 11. c4 Qd7 12. cxd5 cxd5 13. Nc3 Bg6 14. Na4 Nc8 15. Rc1 Be7 16. Rxc8+ Qxc8 17. Nb6 Qb7 18. Qa4+ Kf8 19. Nxa8 Qxa8 20. Rc1 Qb7 21. Qb3 Qa8 22. Nc6 d4 23. Nxe7 Kxe7 24. Qb4+ Ke8 25. Bg5 1-0

[Event "Australian-ch 2020"]
[Site "Kogarah"]
[Date "2020.01.02"]
[Round "1.4"]
[White "Huynh, Arthur"]
[Black "McClymont, Brodie"]
[Result "0-1"]
[ECO "D85"]
[WhiteElo "2136"]
[BlackElo "2421"]
[Annotator "ChessBase"]
[PlyCount "66"]
[EventDate "2020.01.02"]
[EventType "swiss"]
[EventCountry "AUS"]
[SourceTitle "playchess.com"]
[Source "ChessBase"]
[SourceQuality "1"]
[TimeControl "40/5400+30:1800+30"]

1. d4 Nf6 2. c4 g6 3. Nc3 d5 4. cxd5 Nxd5 5. e4 Nxc3 6. bxc3 Bg7 7. Nf3 O-O 8. Be3 c5 9. Rb1 b6 10. Qd2 Bb7 11. d5 e6 12. c4 exd5 13. exd5 Bc8 14. h3 Bf5 15. Bd3 Bxd3 16. Qxd3 Nc6 17. O-O Qd7 18. Rfd1 Nb4 19. Qb3 a5 20. a4 Rfe8 21. Re1 Re4 22. Bd2 Rae8 23. Rxe4 Rxe4 24. Re1 Rxe1+ 25. Bxe1 Qe8 26. Qd1 Qe4 27. d6 Bf6 28. d7 Bd8 29. Qd6 Qxc4 30. Qb8 Nc6 31. Qc8 Qe6 32. Bc3 f6 33. Nd2 Kf7 0-1

[Event "Australian-ch 2020"]
[Site "Kogarah"]
[Date "2020.01.02"]
[Round "1.5"]
[White "Bjelobrk, Igor"]
[Black "Lo, Willis"]
[Result "1-0"]
[ECO "E04"]
[WhiteElo "2403"]
[BlackElo "2108"]
[Annotator "ChessBase"]
[PlyCount "155"]
[EventDate "2020.01.02"]
[EventType "swiss"]
[EventCountry "AUS"]
[SourceTitle "playchess.com"]
[Source "ChessBase"]
[SourceQuality "1"]
[TimeControl "40/5400+30:1800+30"]

1. d4 Nf6 2. c4 e6 3. g3 d5 4. Nf3 dxc4 5. Bg2 Bb4+ 6. Bd2 a5 7. a3 Bxd2+ 8. Nbxd2 b5 9. b3 c3 10. Nb1 Nd5 11. Qc2 Bb7 12. Nxc3 c6 13. Ne4 Na6 14. O-O O-O 15. Rac1 Rc8 16. Ne5 Qe7 17. Nc5 Nxc5 18. Qxc5 Qxc5 19. Rxc5 f6 20. Nd3 Rfd8 21. e3 Nb6 22. Rfc1 a4 23. R5c3 axb3 24. Rxb3 Na4 25. Nc5 Nxc5 26. Rxc5 e5 27. Bh3 Ra8 28. dxe5 Rd1+ 29. Kg2 fxe5 30. Rxe5 c5+ 31. e4 Re1 32. Be6+ Kh8 33. Rxb5 Bxe4+ 34. Rxe4 Rxe4 35. Bd5 Ree8 36. Bxa8 Rxa8 37. Rxc5 h6 38. Rc3 g5 39. Kf3 Ra4 40. Ke3 Kg7 41. Kd3 Kg6 42. h3 Kf5 43. Kc2 Kg6 44. Kd3 Kf5 45. Kc2 Ke4 46. Kb3 Ra8 47. a4 Rb8+ 48. Ka3 Ra8 49. Rc6 Kf3 50. Rxh6 Kxf2 51. g4 Kg3 52. Rg6 Kf4 53. Kb4 Rh8 54. Rf6+ Kg3 55. Rf5 Rg8 56. Rc5 Kxh3 57. Rc4 Rb8+ 58. Kc3 Ra8 59. Rd4 Kh4 60. Kb4 Rb8+ 61. Kc5 Re8 62. a5 Re5+ 63. Kb4 Re6 64. Ka4 Re1 65. Kb3 Ra1 66. Ra4 Rb1+ 67. Kc2 Rb7 68. a6 Ra7 69. Kd3 Kg3 70. Ke2 Re7+ 71. Kd3 Ra7 72. Ke3 Kh4 73. Kf3 Rf7+ 74. Kg2 Ra7 75. Kh2 Rb7 76. a7 Rb2+ 77. Kg1 Rg2+ 78. Kf1 1-0

[Event "Australian-ch 2020"]
[Site "Kogarah"]
[Date "2020.01.02"]
[Round "1.6"]
[White "Kargosha, Bahman"]
[Black "Wallis, Christopher"]
[Result "1/2-1/2"]
[ECO "E52"]
[WhiteElo "2101"]
[BlackElo "2322"]
[Annotator "ChessBase"]
[PlyCount "96"]
[EventDate "2020.01.02"]
[EventType "swiss"]
[EventCountry "AUS"]
[SourceTitle "playchess.com"]
[Source "ChessBase"]
[SourceQuality "1"]
[TimeControl "40/5400+30:1800+30"]

1. d4 Nf6 2. c4 e6 3. Nc3 Bb4 4. e3 O-O 5. Bd3 d5 6. Nf3 b6 7. O-O Ba6 8. cxd5 exd5 9. Bxa6 Nxa6 10. Qa4 Qc8 11. Bd2 Qb7 12. Rac1 c5 13. dxc5 bxc5 14. Rfd1 c4 15. Qb5 Qxb5 16. Nxb5 Bxd2 17. Rxd2 Nb4 18. Nc3 Nd3 19. Rb1 Rab8 20. Nd4 Rb6 21. f3 Re8 22. Re2 Reb8 23. Na4 R6b7 24. Nc6 Rc8 25. Nd4 h5 26. Nc3 g6 27. Ndb5 Rcb8 28. Nd4 Kf8 29. Nc6 Rc8 30. Nd4 Re7 31. Nd1 Rce8 32. Nc6 Rb7 33. Nf2 Rc8 34. Nd4 Nc5 35. b4 Na4 36. Rc2 a6 37. Nd1 Nc5 38. Nc3 Nd3 39. b5 axb5 40. Rxb5 Rxb5 41. Ndxb5 Ra8 42. a4 Ke7 43. Ra2 Ra5 44. Ra1 Kd7 45. Rb1 Kc6 46. Nd4+ Kc7 47. Ndb5+ Kc6 48. Nd4+ Kc7 1/2-1/2

[Event "Australian-ch 2020"]
[Site "Kogarah"]
[Date "2020.01.02"]
[Round "1.7"]
[White "Solomon, Stephen J"]
[Black "Kethro, Michael"]
[Result "1-0"]
[ECO "B47"]
[WhiteElo "2319"]
[BlackElo "2093"]
[Annotator "ChessBase"]
[PlyCount "105"]
[EventDate "2020.01.02"]
[EventType "swiss"]
[EventCountry "AUS"]
[SourceTitle "playchess.com"]
[Source "ChessBase"]
[SourceQuality "1"]
[TimeControl "40/5400+30:1800+30"]

1. e4 c5 2. Nf3 e6 3. d4 cxd4 4. Nxd4 Nc6 5. Nc3 Qc7 6. g3 a6 7. Bg2 Nf6 8. O-O Nxd4 9. Qxd4 Bc5 10. Bf4 d6 11. Qd3 Ng4 12. Na4 e5 13. Bd2 Bd4 14. h3 Nf6 15. c3 Ba7 16. c4 Be6 17. Rac1 O-O 18. b3 Nd7 19. Nc3 Nc5 20. Qe2 Qe7 21. Be3 Bd7 22. Nd5 Qd8 23. f4 Ne6 24. f5 Nd4 25. Qf2 f6 26. g4 Bc6 27. Kh2 Bxd5 28. exd5 b5 29. cxb5 axb5 30. b4 Bb6 31. Rc3 Ra4 32. a3 Qa8 33. Qb2 Qa7 34. Be4 h6 35. Kg2 Ra8 36. Bc1 Qb7 37. Rd1 Rc8 38. Rxc8+ Qxc8 39. Be3 Ra7 40. Rc1 Qa8 41. Rc3 Rc7 42. Rc6 Rxc6 43. dxc6 Qa4 44. Qc1 Qa7 45. Bd5+ Kh7 46. Bxd4 exd4 47. Qe1 Qb8 48. Qe2 Ba7 49. g5 fxg5 50. f6 Qd8 51. Qe7 Qb8 52. Qe2 Qd8 53. Qe7 1-0

[Event "Australian-ch 2020"]
[Site "Kogarah"]
[Date "2020.01.02"]
[Round "1.8"]
[White "Ng, Clive"]
[Black "Puccini, Jack"]
[Result "1/2-1/2"]
[ECO "B80"]
[WhiteElo "2061"]
[BlackElo "2265"]
[Annotator "ChessBase"]
[PlyCount "152"]
[EventDate "2020.01.02"]
[EventType "swiss"]
[EventCountry "AUS"]
[SourceTitle "playchess.com"]
[Source "ChessBase"]
[SourceQuality "1"]
[TimeControl "40/5400+30:1800+30"]

1. e4 c5 2. Nf3 d6 3. d4 cxd4 4. Nxd4 Nf6 5. Nc3 a6 6. Be3 e6 7. f3 b5 8. Qd2 Nbd7 9. g4 Nb6 10. a4 Nc4 11. Bxc4 bxc4 12. a5 Bb7 13. Na4 d5 14. g5 Nd7 15. exd5 Bxd5 16. Rf1 g6 17. f4 Rb8 18. f5 Bb4 19. c3 Bxa5 20. fxe6 fxe6 21. O-O-O Qe7 22. Bf4 O-O 23. Bxb8 Rxb8 24. Rde1 Bc7 25. Nf5 gxf5 26. Qxd5 Qxg5+ 27. Qd2 Qxd2+ 28. Kxd2 Kf7 29. Re4 Ne5 30. Rh4 Kg6 31. Rg1+ Ng4 32. h3 Bf4+ 33. Ke2 Bg5 34. Rhxg4 fxg4 35. Rxg4 Kf5 36. Rxc4 e5 37. Rc7 h6 38. Rf7+ Ke6 39. Ra7 Rd8 40. Nc5+ Kf5 41. Rf7+ Kg6 42. Rd7 a5 43. Rxd8 Bxd8 44. Kf3 Kf5 45. b3 Bh4 46. c4 Be1 47. Ne4 Ke6 48. Ke2 Bb4 49. Ng3 Bc3 50. Kf3 Be1 51. Nf1 Kd6 52. Ne3 Kc5 53. Ke4 Bc3 54. Nd5 Bb2 55. Kd3 Ba1 56. Ne3 Bb2 57. Ng4 h5 58. Nf6 Kb4 59. Kc2 Bd4 60. Nxh5 a4 61. bxa4 Kxc4 62. Nf6 Bf2 63. Kd2 Kb4 64. Ng4 Bh4 65. Nxe5 Kxa4 66. Ke3 Kb5 67. Kf4 Kc5 68. Kg4 Be7 69. Kf5 Bh4 70. Kg4 Be7 71. Nf3 Kd6 72. Kf5 Kd7 73. Ng5 Ke8 74. h4 Bxg5 75. Kxg5 Kf7 76. Kh6 Kg8 1/2-1/2

[Event "Australian-ch 2020"]
[Site "Kogarah"]
[Date "2020.01.02"]
[Round "1.9"]
[White "Zhang, Jilin"]
[Black "Parle, Hughston"]
[Result "1-0"]
[ECO "B92"]
[WhiteElo "2237"]
[BlackElo "2057"]
[Annotator "ChessBase"]
[PlyCount "53"]
[EventDate "2020.01.02"]
[EventType "swiss"]
[EventCountry "AUS"]
[SourceTitle "playchess.com"]
[Source "ChessBase"]
[SourceQuality "1"]
[TimeControl "40/5400+30:1800+30"]

1. e4 c5 2. Nf3 d6 3. d4 cxd4 4. Nxd4 Nf6 5. Nc3 a6 6. Be2 e5 7. Nb3 Be7 8. O-O O-O 9. Be3 Be6 10. Qd2 Nbd7 11. a4 Rc8 12. Rfd1 Qc7 13. a5 Rfd8 14. Qe1 Qc6 15. Bf3 Nf8 16. Nc1 Ng6 17. g3 d5 18. exd5 Nxd5 19. Bb6 Rd6 20. Nd3 Qe8 21. Nxd5 Bxd5 22. Bg4 Rc4 23. Nb4 Re4 24. Qc3 Rxg4 25. Nxd5 Nf4 26. Nxe7+ Kf8 27. Qc8 1-0

[Event "Australian-ch 2020"]
[Site "Kogarah"]
[Date "2020.01.02"]
[Round "1.10"]
[White "Bayaca, Sterling"]
[Black "McGowan, Cameron"]
[Result "0-1"]
[ECO "A36"]
[WhiteElo "1994"]
[BlackElo "2221"]
[Annotator "ChessBase"]
[PlyCount "68"]
[EventDate "2020.01.02"]
[EventType "swiss"]
[EventCountry "AUS"]
[SourceTitle "playchess.com"]
[Source "ChessBase"]
[SourceQuality "1"]
[TimeControl "40/5400+30:1800+30"]

1. c4 Nf6 2. Nc3 g6 3. e4 d6 4. g3 Bg7 5. Bg2 O-O 6. Nge2 c5 7. O-O Nc6 8. d3 Ne8 9. Be3 Nc7 10. Rb1 Rb8 11. d4 cxd4 12. Nxd4 Ne6 13. Nxe6 fxe6 14. Qd2 Qa5 15. Rbc1 Ne5 16. Qe2 a6 17. f4 Nc6 18. Rfd1 e5 19. Qd2 Bg4 20. Rf1 Nd4 21. h3 Be2 22. b3 Bxf1 23. Rxf1 e6 24. Rd1 b5 25. cxb5 axb5 26. Ne2 Qxd2 27. Rxd2 Nxe2+ 28. Rxe2 exf4 29. gxf4 e5 30. fxe5 Bxe5 31. Rd2 Rbc8 32. Rd3 Rc2 33. a3 Re2 34. Bd4 Re1+ 0-1

[Event "Australian-ch 2020"]
[Site "Kogarah"]
[Date "2020.01.04"]
[Round "3.4"]
[White "Solomon, Stephen J"]
[Black "Puccini, Jack"]
[Result "1/2-1/2"]
[ECO "B94"]
[WhiteElo "2319"]
[BlackElo "2265"]
[Annotator "RC"]
[PlyCount "275"]
[EventDate "2020.01.02"]
[EventType "swiss"]
[EventCountry "AUS"]
[SourceTitle "playchess.com"]
[Source "ChessBase"]
[SourceQuality "1"]
[TimeControl "40/5400+30:1800+30"]

1. e4 c5 2. Nf3 d6 3. d4 cxd4 4. Nxd4 Nf6 5. Nc3 a6 6. Bg5 Nbd7 7. Bc4 Qb6 8. Bb3 e6 9. Qd2 Nc5 10. f3 Qc7 11. O-O-O Be7 12. g4 b5 13. a3 Nxb3+ 14. cxb3 O-O 15. Kb1 Qb7 16. b4 h6 17. h4 a5 18. bxa5 Rxa5 19. Na2 Ra4 20. Nb4 Rxb4 21. axb4 Nxe4 22. fxe4 Qxe4+ 23. Qd3 Qxd3+ 24. Rxd3 hxg5 25. Nc6 Re8 26. Nxe7+ Rxe7 27. Rxd6 Bb7 28. Rh2 Rc7 29. hxg5 Kf8 30. Rh8+ Ke7 31. Rdd8 f6 32. Rhe8+ Kf7 33. Rf8+ Ke7 34. gxf6+ gxf6 35. Rde8+ Kd6 36. Rxf6 Be4+ 37. Ka2 Bd5+ 38. b3 Rc2+ 39. Kb1 Rc3 40. Rf4 Ke5 41. Ref8 Be4+ 42. Kb2 Rc2+ 43. Ka3 Rg2 44. Rf2 Rxg4 45. Rb8 Bd3 46. Rd2 Rg3 47. Kb2 Ke4 48. Rd8 e5 49. Rd6 Rf3 50. Kc1 Rf1+ 51. Rd1 Rf3 52. Re1+ Kf4 53. Kd2 Bf5 54. Rd5 Rxb3 55. Rexe5 Be4 56. Rxb5 Rxb4 57. Ra5 Rc4 58. Re8 Rc2+ 59. Kd1 Rc4 60. Ra3 Bf3+ 61. Kd2 Rd4+ 62. Kc3 Re4 63. Rf8+ Kg3 64. Kd3 Rf4 65. Rg8+ Rg4 66. Re8 Rg7 67. Ke3 Rg6 68. Rf8 Re6+ 69. Kd2 Re2+ 70. Kd3 Re4 71. Ra7 Rg4 72. Raf7 Bg2 73. Re7 Rg5 74. Re3+ Kg4 75. Ke2 Bd5 76. Re7 Rf5 77. Rd8 Kf4 78. Kd3 Bf3 79. Kd4 Rf6 80. Kd3 Rf5 81. Rd4+ Kg5 82. Ke3 Bd5 83. Rg7+ Kf6 84. Rd7 Re5+ 85. Kd3 Be6 86. R7d6 Ke7 87. Kc3 Re3+ 88. Kb4 Rb3+ 89. Kc5 Rc3+ 90. Kb6 Rb3+ 91. Kc7 Rc3+ 92. Rc6 Rxc6+ 93. Kxc6 Kf6 94. Kd6 Bb3 95. Rf4+ Kg7 96. Ke7 Ba2 97. Rg4+ Kh8 98. Rb4 Kg7 99. Rb2 Bc4 100. Rg2+ Kh8 101. Kf6 Bd5 102. Rg3 Ba2 103. Rg4 Bg8 104. Rb4 Bh7 105. Rh4 Kg8 106. Rh3 Kh8 107. Rg3 Bg8 108. Rg2 Bh7 109. Kf7 Bd3 110. Rg4 Bh7 111. Rg2 Bd3 112. Rg3 Bh7 113. Rg4 Bd3 114. Rb4 Bc2 115. Rb8+ Kh7 116. Rb6 Kh8 117. Rb4 Bd3 118. Ra4 Bc2 119. Ra3 Be4 120. Re3 Bc2 121. Re2 Bd3 122. Rd2 Be4 123. Rd8+ Kh7 124. Rd4 Bg6+ 125. Kf6 Bc2 126. Rd2 Be4 127. Rd7+ Kh8 128. Kf7 Bc2 129. Rb7 Bd3 130. Rb4 Bc2 131. Rb8+ Kh7 132. Rb2 Bg6+ 133. Kf6 Bd3 134. Rb7+ Kh8 135. Rc7 Be4 136. Rd7 Bc2 137. Rd2 Bh7 138. Rh2 1/2-1/2

[Event "Australian-ch 2020"]
[Site "Kogarah"]
[Date "2020.01.04"]
[Round "3.5"]
[White "Zhang, Jilin"]
[Black "Plant, John Stuart"]
[Result "1-0"]
[ECO "C66"]
[WhiteElo "2237"]
[BlackElo "1993"]
[Annotator "ChessBase"]
[PlyCount "131"]
[EventDate "2020.01.02"]
[EventType "swiss"]
[EventCountry "AUS"]
[SourceTitle "playchess.com"]
[Source "ChessBase"]
[SourceQuality "1"]
[TimeControl "40/5400+30:1800+30"]

1. e4 Nc6 2. Nf3 d6 3. d4 e5 4. Bb5 Bd7 5. O-O Nf6 6. Nc3 Be7 7. Re1 exd4 8. Nxd4 Nxd4 9. Qxd4 Bxb5 10. Nxb5 a6 11. Nc3 O-O 12. Bg5 h6 13. Bh4 Nd7 14. Bxe7 Qxe7 15. Nd5 Qd8 16. Rad1 Re8 17. Re3 Re6 18. Rc3 c6 19. Nf4 Rf6 20. Nh5 Rg6 21. Rg3 Rxg3 22. hxg3 Qg5 23. Nf4 Nf6 24. Qxd6 Nxe4 25. Qb4 Nc5 26. Nd5 cxd5 27. Qxc5 Qe5 28. Qd4 Qe4 29. Qxe4 dxe4 30. Rd7 b5 31. c3 g6 32. Kf1 Rc8 33. Ke2 Rc4 34. Ke3 f5 35. Rd6 Ra4 36. Rxg6+ Kh7 37. Rf6 Rxa2 38. Rxf5 Rxb2 39. Rf6 a5 40. Ra6 a4 41. c4 Rb3+ 42. Kf4 e3 43. fxe3 Rb4 44. e4 Rxc4 45. Kf5 Rc7 46. e5 Kg7 47. Rg6+ Kh7 48. Rb6 Ra7 49. Rxb5 a3 50. Rb1 a2 51. Ra1 Kg7 52. Ke6 h5 53. Kf5 Ra5 54. g4 h4 55. g5 Kf7 56. Kg4 Ra4+ 57. Kh5 Kg8 58. Kh6 Ra6+ 59. g6 Ra7 60. e6 Kf8 61. Rf1+ Kg8 62. Rd1 Kf8 63. Ra1 Ra6 64. Rf1+ Ke7 65. g7 Ra8 66. Kh7 1-0

[Event "Australian-ch 2020"]
[Site "Kogarah"]
[Date "2020.01.04"]
[Round "3.6"]
[White "O`Chee, Kevin"]
[Black "McGowan, Cameron"]
[Result "1-0"]
[ECO "E68"]
[WhiteElo "2156"]
[BlackElo "2221"]
[Annotator "ChessBase"]
[PlyCount "113"]
[EventDate "2020.01.02"]
[EventType "swiss"]
[EventCountry "AUS"]
[SourceTitle "playchess.com"]
[Source "ChessBase"]
[SourceQuality "1"]
[TimeControl "40/5400+30:1800+30"]

1. c4 Nf6 2. Nc3 g6 3. d4 Bg7 4. g3 O-O 5. Bg2 d6 6. Nf3 Nbd7 7. O-O e5 8. e4 exd4 9. Nxd4 Re8 10. h3 a6 11. Re1 Rb8 12. a4 Nc5 13. a5 Nfd7 14. Be3 Ne5 15. b3 Nc6 16. Rb1 f5 17. Nxc6 bxc6 18. Qc2 Nxe4 19. Nxe4 fxe4 20. Bxe4 Bxh3 21. Bxc6 Bf5 22. Qd2 Rf8 23. Bg5 Qc8 24. Be4 Bxe4 25. Rxe4 Qf5 26. Ree1 h6 27. Be3 Qf3 28. Qd1 Bc3 29. Qxf3 Rxf3 30. Kg2 Rf5 31. Rec1 Bxa5 32. Bxh6 Bb6 33. f4 Ra5 34. Re1 Ra2+ 35. Kf3 Kf7 36. Bg5 Re8 37. Rxe8 Kxe8 38. Re1+ Kf8 39. Re6 Kf7 40. Re7+ Kf8 41. Re6 Ra3 42. Rxg6 Rxb3+ 43. Kg4 a5 44. f5 Bd4 45. f6 Be3 46. Kf5 a4 47. g4 a3 48. Bh6+ Bxh6 49. Rxh6 Kg8 50. Kg6 Rf3 51. Rh2 Rf4 52. g5 Rf3 53. Rd2 Re3 54. c5 Re6 55. Rd3 Kf8 56. Rxa3 Ke8 57. c6 1-0

[Event "Australian-ch 2020"]
[Site "Kogarah"]
[Date "2020.01.04"]
[Round "3.9"]
[White "Ng, Clive"]
[Black "Kethro, Michael"]
[Result "0-1"]
[ECO "B48"]
[WhiteElo "2061"]
[BlackElo "2093"]
[Annotator "NA"]
[PlyCount "128"]
[EventDate "2020.01.02"]
[EventType "swiss"]
[EventCountry "AUS"]
[SourceTitle "playchess.com"]
[Source "ChessBase"]
[SourceQuality "1"]
[TimeControl "40/5400+30:1800+30"]

1. e4 c5 2. Nf3 e6 3. d4 cxd4 4. Nxd4 Nc6 5. Nc3 Qc7 6. Be3 a6 7. Qd2 Nf6 8. O-O-O Be7 {[%emt 0:00:30] B48: Sicilian: Taimanov: 5 Nc3 Qc7 6 Be3 a6 without Be2} 9. f3 b5 10. g4 Nxd4 11. Bxd4 Bb7 12. g5 Nh5 13. Be5 Qxe5 14. Qxd7+ {[%emt 0:00:30] Double Attack} Kf8 15. Qxb7 Bxg5+ 16. Kb1 {[%emt 0:00:30] [#]} Qb8 $146 17. Rd7 Qxb7 18. Rxb7 Bf6 19. a4 Bxc3 20. bxc3 bxa4 21. Bxa6 g5 22. Bb5 Nf4 23. Rd1 (23. c4 $11) 23... Kg7 24. Rdd7 Rhf8 25. Ra7 Rab8 26. Rdb7 Ng6 27. c4 (27. Be2 $17 {keeps fighting.}) 27... Ne5 28. Bxa4 Nxc4 29. Bb3 Nd2+ 30. Kc1 Rxb7 31. Rxb7 Nxf3 32. Bxe6 Nxh2 33. c4 Nf3 34. c5 Kf6 ({Black should play} 34... Ne5 35. Kd2 h5) 35. Bf5 Nd4 36. Bd7 {[%emt 0:00:30] [#]} (36. Bxh7 $17 Rh8 37. Bf5) 36... Ne6 $1 37. Rb5 Nd4 $11 (37... g4 $19 38. Rb1 Rg8) 38. Rb4 Ke5 39. c6 Ne6 40. Rb7 Kd6 41. Rb5 f6 42. Rd5+ Ke7 43. Rf5 Nd4 44. Rd5 Nxc6 45. Bxc6 Rc8 46. Rd7+ Ke6 47. Rxh7 Rxc6+ 48. Kd2 Ke5 49. Kd3 Kf4 50. Rd7 g4 51. Rd5 Kf3 52. Rf5+ Kg2 53. Ke3 g3 54. Kf4 Ra6 55. Kg4 Ra4 56. Rf4 Kh2 57. Rxf6 Rxe4+ 58. Kf3 Rh4 59. Rg6 Rh8 60. Rg7 Rf8+ 61. Ke2 g2 62. Rh7+ Kg1 63. Rh6 Re8+ 64. Kd2 Re5 0-1

[Event "Australian-ch 2020"]
[Site "Kogarah"]
[Date "2020.01.05"]
[Round "4.5"]
[White "Wallis, Christopher"]
[Black "O`Chee, Kevin"]
[Result "1/2-1/2"]
[ECO "D78"]
[WhiteElo "2322"]
[BlackElo "2156"]
[Annotator "RC"]
[PlyCount "105"]
[EventDate "2020.01.02"]
[EventType "swiss"]
[EventCountry "AUS"]
[SourceTitle "playchess.com"]
[Source "ChessBase"]
[SourceQuality "1"]
[TimeControl "40/5400+30:1800+30"]

1. d4 Nf6 2. c4 g6 3. g3 c6 4. Bg2 d5 5. Qa4 dxc4 6. Qxc4 Bg7 7. Nf3 O-O 8. O-O Nfd7 9. Qc2 e5 10. Rd1 Qe7 11. Nc3 Na6 12. Bg5 Qe8 13. Rac1 Nc7 14. Nxe5 Nxe5 15. dxe5 Bxe5 16. Rd8 Qe6 17. Rcd1 Bg7 18. Qc1 f6 19. Bf4 Qe7 20. Rxf8+ Bxf8 21. Bd6 Qf7 22. Bxf8 Qxf8 23. Qf4 Qe7 24. Ne4 Bf5 25. Qd6 Qxd6 26. Rxd6 Bxe4 27. Bxe4 Re8 28. Bd3 Kf7 29. h4 Ke7 30. Rd4 Ne6 31. Ra4 a6 32. Re4 f5 33. Re5 Kd6 34. f4 Re7 35. b4 Nc7 36. Rxe7 Kxe7 37. Bc4 Nd5 38. Bxd5 cxd5 39. Kf2 d4 40. e3 Kd6 41. exd4 Kd5 42. Ke3 Kc4 43. a3 b5 44. g4 fxg4 45. h5 g3 46. hxg6 hxg6 47. Kf3 Kxd4 48. Kxg3 Ke3 49. Kg4 Kf2 50. Kh4 Ke3 51. Kg3 Ke4 52. Kg4 Ke3 53. Kg3 1/2-1/2

[Event "Australian-ch 2020"]
[Site "Kogarah"]
[Date "2020.01.05"]
[Round "4.7"]
[White "Kethro, Michael"]
[Black "Parle, Hughston"]
[Result "1-0"]
[ECO "E92"]
[WhiteElo "2093"]
[BlackElo "2057"]
[Annotator "NA RC"]
[PlyCount "77"]
[EventDate "2020.01.02"]
[EventType "swiss"]
[EventCountry "AUS"]
[SourceTitle "playchess.com"]
[Source "ChessBase"]
[SourceQuality "1"]
[TimeControl "40/5400+30:1800+30"]

1. d4 Nf6 2. c4 g6 3. Nc3 Bg7 4. e4 d6 5. Nf3 O-O 6. Be2 e5 7. Be3 Nc6 8. d5 Ne7 9. Nd2 Nd7 10. b4 f5 11. f3 $1 Nf6 12. c5 h5 {[%emt 0:08:01] E92: King's Indian: Classical: 6 Be2 e5: 7 dxe5, 7 Be3 and Petrosian System without 7...Nbd7} 13. Nc4 fxe4 14. fxe4 Ng4 15. Bxg4 Bxg4 16. Qd2 Nc8 $146 ({Predecessor:} 16... Bf6 17. O-O Nc8 18. Rf2 Bd7 19. Raf1 Rf7 20. c6 bxc6 21. dxc6 {1-0 (31) Wells,P (2494)-Colmenares,A (2075) Lausanne 2004}) 17. a4 h4 18. h3 Bh5 19. Rf1 dxc5 (19... Bf6 $142 20. Kf2 Rf7) 20. bxc5 b6 (20... g5 $142 21. Bxg5 Rxf1+ 22. Kxf1 Qf8+ 23. Qf2 Qxf2+ 24. Kxf2 Bf8) 21. Rxf8+ Bxf8 22. d6 Nxd6 23. cxd6 cxd6 24. Bg5 Qc7 25. Qd5+ Kh7 26. Nb5 Qc5 27. Qxc5 dxc5 28. Nc7 Rb8 29. Nd5 Bg7 30. Ra2 b5 31. axb5 Rxb5 32. Rxa7 Rb1+ {[%emt 0:00:01] [#]} 33. Kf2 Kg8 34. Ra8+ Kf7 35. Ra7+ Kg8 36. Nf6+ Bxf6 37. Bxf6 Rc1 38. Nxe5 c4 39. Ra8+ 1-0

[Event "Australian-ch 2020"]
[Site "Kogarah"]
[Date "2020.01.05"]
[Round "4.9"]
[White "Bayaca, Sterling"]
[Black "Plant, John Stuart"]
[Result "0-1"]
[ECO "C41"]
[WhiteElo "1994"]
[BlackElo "1993"]
[Annotator "NA"]
[PlyCount "62"]
[EventDate "2020.01.02"]
[EventType "swiss"]
[EventCountry "AUS"]
[SourceTitle "playchess.com"]
[Source "ChessBase"]
[SourceQuality "1"]
[TimeControl "40/5400+30:1800+30"]

1. e4 d6 2. d4 Nf6 3. Nc3 e5 4. Nf3 Nbd7 5. Bc4 Be7 6. a4 O-O 7. O-O c6 8. a5 Qc7 9. Bb3 Rb8 10. Re1 b5 11. axb6 axb6 12. d5 Nc5 13. Ba2 cxd5 14. Nxd5 Nxd5 15. Bxd5 Be6 16. Be3 Bxd5 17. Qxd5 Nd7 18. Qd3 Ra8 19. Nd2 Rfc8 20. c3 Qc6 21. f3 b5 22. Nf1 Nc5 23. Bxc5 dxc5 24. Ne3 c4 25. Qd5 Rxa1 26. Rxa1 Qb6 27. Kf2 Bc5 28. Qd2 Rd8 29. Qe2 f5 30. exf5 Bxe3+ 31. Qxe3 Rd2+ 0-1

[Event "Australian-ch 2020"]
[Site "Kogarah"]
[Date "2020.01.06"]
[Round "5.5"]
[White "O`Chee, Kevin"]
[Black "Hu, Jason"]
[Result "1/2-1/2"]
[ECO "B11"]
[WhiteElo "2156"]
[BlackElo "2159"]
[Annotator "ChessBase"]
[PlyCount "137"]
[EventDate "2020.01.02"]
[EventType "swiss"]
[EventCountry "AUS"]
[SourceTitle "playchess.com"]
[Source "ChessBase"]
[SourceQuality "1"]
[TimeControl "40/5400+30:1800+30"]

1. e4 c6 2. Nf3 d5 3. Nc3 Bg4 4. h3 Bxf3 5. Qxf3 Nf6 6. d3 e6 7. a3 Nbd7 8. g3 Bc5 9. Bg2 O-O 10. O-O b5 11. Rd1 Qb6 12. Qe2 Bd4 13. Nb1 Rfc8 14. c3 Bc5 15. Nd2 a5 16. d4 Bf8 17. e5 Ne8 18. Nf3 c5 19. Qd3 cxd4 20. cxd4 b4 21. Ng5 f5 22. Bxd5 exd5 23. Qxf5 Ndf6 24. exf6 Nxf6 25. Ne6 bxa3 26. bxa3 Re8 27. Nxf8 Rxf8 28. Bg5 Qd6 29. Bf4 Qa6 30. Rac1 Rf7 31. Qd3 Qe6 32. Kg2 Ne4 33. f3 Rxf4 34. gxf4 Qg6+ 35. Kf1 Ng3+ 36. Ke1 Re8+ 37. Kd2 Qf6 38. Rc5 Qxf4+ 39. Kc2 Nf5 40. Rd2 Ne3+ 41. Kb3 Nc4 42. Rxc4 dxc4+ 43. Qxc4+ Kh8 44. Qc3 Rb8+ 45. Ka2 Qf5 46. Rb2 Qd5+ 47. Ka1 Re8 48. Qd3 h6 49. Rb5 Qc6 50. Rc5 Qd7 51. Rxa5 Qxh3 52. Rc5 Qg2 53. Rc1 Qg5 54. Rd1 Qd5 55. f4 Ra8 56. Qe3 Qd6 57. Rd3 Rb8 58. d5 Qf6+ 59. Qd4 Qd6 60. Rg3 Rb7 61. Qe5 Qb6 62. Qe8+ Kh7 63. Qe4+ Kh8 64. Rg2 Qb3 65. Qe8+ Kh7 66. Qg6+ Kh8 67. Qe8+ Kh7 68. Qg6+ Kh8 69. Qe8+ 1/2-1/2

[Event "Australian-ch 2020"]
[Site "Kogarah"]
[Date "2020.01.06"]
[Round "5.6"]
[White "Zhang, Jilin"]
[Black "Kethro, Michael"]
[Result "1/2-1/2"]
[ECO "B48"]
[WhiteElo "2237"]
[BlackElo "2093"]
[Annotator "RC"]
[PlyCount "53"]
[EventDate "2020.01.02"]
[EventType "swiss"]
[EventCountry "AUS"]
[SourceTitle "playchess.com"]
[Source "ChessBase"]
[SourceQuality "1"]
[TimeControl "40/5400+30:1800+30"]

1. e4 c5 2. Nf3 e6 3. d4 cxd4 4. Nxd4 Nc6 5. Nc3 Qc7 6. Be3 a6 7. a3 b5 8. Nxc6 Qxc6 9. Qd4 Bb7 10. Be2 Rc8 11. O-O-O Nf6 12. Bf3 Bxa3 13. e5 Nd5 14. Bxd5 exd5 15. Rd3 b4 16. bxa3 bxc3 17. Qb4 a5 18. Qd6 Qxd6 19. exd6 O-O 20. Bd4 f6 21. Re1 Rfe8 22. Re7 Rxe7 23. dxe7 Kf7 24. Re3 d6 25. g3 Re8 26. Bxc3 a4 27. Bb4 1/2-1/2

[Event "Australian-ch 2020"]
[Site "Kogarah"]
[Date "2020.01.06"]
[Round "5.7"]
[White "Plant, John Stuart"]
[Black "Puccini, Jack"]
[Result "0-1"]
[ECO "B21"]
[WhiteElo "1993"]
[BlackElo "2265"]
[Annotator "RC"]
[PlyCount "102"]
[EventDate "2020.01.02"]
[EventType "swiss"]
[EventCountry "AUS"]
[SourceTitle "playchess.com"]
[Source "ChessBase"]
[SourceQuality "1"]
[TimeControl "40/5400+30:1800+30"]

1. e4 c5 2. f4 d5 3. d3 Nc6 4. Nf3 g6 5. Be2 Bg7 6. c3 e6 7. Be3 d4 8. cxd4 cxd4 9. Bd2 Nf6 10. h3 O-O 11. O-O b6 12. Na3 Bb7 13. Qe1 Nxe4 14. dxe4 d3 15. e5 dxe2 16. Qxe2 Nd4 17. Nxd4 Qxd4+ 18. Be3 Qe4 19. Qf2 f6 20. Rfe1 fxe5 21. Bxb6 Qc6 22. Bc5 exf4 23. Nc4 Rf5 24. Na5 Qxg2+ 25. Qxg2 Bxg2 26. Kxg2 Rxc5 27. Nb3 Rc2+ 28. Kf3 Rxb2 29. Nc5 Rh2 30. Rad1 Rxh3+ 31. Kxf4 Rc8 32. Kg4 Ra3 33. Ne4 Rf8 34. Rf1 Rf5 35. Rd8+ Kf7 36. Rd7+ Kf8 37. Rg1 h5+ 38. Kh4 Ra4 39. Rb1 Rxe4+ 40. Kh3 Re3+ 41. Kg2 Re2+ 42. Kh1 Be5 43. Kg1 Rf7 44. Rd3 Kg7 45. a4 g5 46. a5 g4 47. a6 h4 48. Kh1 h3 49. Kg1 Rg2+ 50. Kh1 Rgf2 51. Rdd1 g3 0-1